 Dungeon Crawl Stone Soup version 0.23-a0-321-g6bcb69f (webtiles) character file.

39 Ijustatesigmund the Magician (level 3, -4/21 HPs)
             Began as an Octopode Wizard on Oct 15, 2018.
             Slain by a gnoll
             ... wielding a +0 halberd
              (6 damage)
             ... on level 1 of the Dungeon.
             The game lasted 00:04:30 (1308 turns).

Ijustatesigmund the Magician (Octopode Wizard)      Turns: 1308, Time: 00:04:32

Health: -4/21      AC:  3    Str:  6    XL:     3   Next: 47%
Magic:  3/7        EV: 13    Int: 20    God:
Gold:   79         SH:  0    Dex: 11    Spells: 2/8 levels left

rFire    . . .     SeeInvis .   b - +0 mace
rCold    . . .     Gourm    .   (no shield)
rNeg     . . .     Faith    .   e - +2 hat
rPois    .         Spirit   .   (no amulet)
rElec    .         Reflect  .   d - ring of resist corrosion
rCorr    +         Harm     .   (no ring)
MR       .....                  (no ring)
Stlth    +++.......             (no ring)
HPRegen  0.07/turn              (no ring)
MPRegen  0.10/turn              (no ring)
                                (no ring)
                                (no ring)

@: very slightly contaminated
A: almost no armour, stealthy swim, amphibious, 8 rings, constrict 8, camouflage
1, gelatinous body 1
a: no special abilities


You were on level 1 of the Dungeon.
You were very hungry.

You visited 1 branch of the dungeon, and saw 2 of its levels.

You collected 79 gold pieces.

Inventory:

Hand Weapons
 b - a +0 mace (weapon)
Armour
 e - a +2 hat (worn)
Jewellery
 d - a ring of resist corrosion (left tentacle)
Scrolls
 f - a scroll of teleportation
 h - a scroll of noise {unknown}
 k - 2 scrolls of identify
 o - a scroll of magic mapping {unknown}
Potions
 a - a potion of heal wounds
 g - a potion of agility {unknown}
 i - a potion of degeneration {unknown}
 j - a potion of might {unknown}
 l - a potion of brilliance {unknown}
 m - 2 potions of mutation {unknown}
 n - a potion of haste {unknown}
Comestibles
 c - 8 rations


   Skills:
 - Level 2.0 Dodging
 - Level 2.6 Stealth
 - Level 3.0 Spellcasting
 - Level 2.7 Conjurations
   Level 1.0 Summonings
 + Level 1.3 Translocations
 + Level 0.6 Air Magic
 + Level 0.7 Poison Magic


You had 2 spell levels left.
You knew the following spells:

 Your Spells              Type           Power        Failure   Level  Hunger
a - Magic Dart            Conj           ##..         4%          1    None
b - Blink                 Tloc           N/A          12%         2    ##.....
c - Mephitic Cloud        Conj/Pois/Air  #.......     24%         3    ###....

Your spell library contained the following spells:

 Spells                   Type           Power        Failure   Level  Hunger
 Call Imp                 Summ           #.......     14%         2    ##.....
 Slow                     Hex            #.......     22%         2    ##.....
 Conjure Flame            Conj/Fire      #.......     24%         3    ###....


Dungeon Overview and Level Annotations

Branches:
Dungeon (2/15)

Altars:
Okawaru


Innate Abilities, Weirdness & Mutations

You cannot wear most types of armour.
You are very stealthy in the water. (Stealth+)
You are amphibious.
You can wear up to eight rings at the same time.
You can use your tentacles to constrict eight enemies at once.
Your skin changes colour to match your surroundings (Stealth+).
Your rubbery body absorbs attacks. (AC +1, EV +1)


Message History

Magic restored.
You climb downwards.
The gnoll hits you with a +0 halberd!
Ouch! That really hurt!
The gnoll closely misses you.
There is a stone staircase leading up here.
The gnoll closely misses you. The gnoll misses you.
You climb upwards.
There is a stone staircase leading down here.
Casting: Mephitic Cloud (safe; 24% risk of failure)
Confirm with . or Enter, or press ? or * to list all spells.
You miscast Blink.
You are very lightly contaminated with residual magic.
Nothing appears to happen.
The gnoll closely misses you. x2
Casting: Blink (safe; 12% risk of failure)
Confirm with . or Enter, or press ? or * to list all spells.
You miscast Blink.
Strange energies run through your body. The gnoll hits you with a +0 spear!
* * * LOW HITPOINT WARNING * * *
The gnoll hits you with a +0 halberd.
You die...

.........#######################.
.###≈###)........................
.#.#≈#.#...#####################.
##.#≈#.###....# #.
...#≈#......#.## ########## ##†
##.#≈#.###.##(.####........# ##..
.#.#≈#.#....##....(........###...
.###≈###.##....g.................
..........###...@g.........####..
..........############...........
..#.........##.......##....#.....
.......######....<....######.....
..#.#.##...................####..
..#.###...⌠....##'##....⌠...###..
..#..##........#...#........#....
.....##........#8.8#........#..)#
.##÷÷.###########'###########...#


You could see 2 gnolls.

Vanquished Creatures
  2 worms (D:2)
  2 leopard geckos (D:2)
  2 ball pythons (D:1)
  3 bats
  5 hobgoblins (D:1)
  A quokka (D:2)
  3 frilled lizards
  3 goblins (D:1)
  7 kobolds
  4 rats (D:1)
32 creatures vanquished.

Notes
Turn   | Place    | Note
-------+----------+-------------------------------------------
     0 | D:1      | Ijustatesigmund the Octopode Wizard began the quest for the
                  | Orb.
     0 | D:1      | Reached XP level 1. HP: 11/11 MP: 4/4
   287 | D:1      | Reached XP level 2. HP: 14/17 MP: 3/6
   291 | D:1      | Learned a level 2 spell: Blink
   939 | D:2      | Found an iron altar of Okawaru.
   960 | D:2      | Reached XP level 3. HP: 21/21 MP: 3/7
   965 | D:2      | Learned a level 3 spell: Mephitic Cloud
  1308 | D:1      | Slain by a gnoll

Vault maps used:
D:1:      giann_wishing_wells, grunt_decor_cap
D:2:      okawaru_gym_becter, uniq_terence, uniq_natasha

Skill      XL: |  1 |
---------------+----+-----
Conjurations   | 2 |  2.7
Dodging        | |  2.0
Stealth        | |  2.6
Spellcasting   | |  3.0
Summonings     | |  1.0
Translocations | |  1.3
Air Magic      | |  0.6
Poison Magic   | |  0.7

Action                   || total
-------------------------++-------
Melee: Short sword       ||     6
       Constrict         ||     7
       Tentacles         ||     6
       Unarmed           ||     1
       Mace              ||    14
 Cast: Magic Dart        ||    62
  Use: Scroll            ||     3
       Potion            ||     1
Armor: Skin              ||     8
Dodge: Dodged            ||    37

Table legend:
 A = Non-vault XP
 B = Vault XP
 C = Vault XP percentage of total XP
 D = Non-vault monster count
 E = Vault monster count
 F = Vault count percentage of total count
                 A         B        C        D         E       F
            +---------+---------+-------+---------+---------+-------
      Total |      57 |       0 |   0.0 |      32 |       0 |   0.0
            +---------+---------+-------+---------+---------+-------
        D:1 |      32 |       0 |   0.0 |      22 |       0 |   0.0
        D:2 |      25 |       0 |   0.0 |      10 |       0 |   0.0
            +---------+---------+-------+---------+---------+-------
